 Dungeon Crawl Stone Soup version 0.16.1-17-g773cdaf (webtiles) character file.

37 Inchmeat the Conjurer (level 3, -3/19 HPs)
             Began as a Deep Elf Conjurer on Apr 23, 2015.
             Slain by an ufetubus (4 damage)
             ... summoned by Eustachio
             ... on level 4 of the Dungeon.
             The game lasted 00:07:43 (1681 turns).

Inchmeat the Conjurer (Deep Elf Conjurer)           Turns: 1681, Time: 00:07:43

Health: -3/19      AC:  3    Str:  5    XL:     3   Next: 23%
Magic:  11/11      EV: 13    Int: 20    God:
Gold:   93         SH:  0    Dex: 15    Spells: 2 memorised, 5 levels left

rFire  . . .     SeeInvis .     i - +0 dagger
rCold  . . .     Clarity  .     a - +0 robe
rNeg   . . .     SustAb   .     (no shield)
rPois  .         Gourm    .     (no helmet)
rElec  .         Spirit   .     (no cloak)
rCorr  .         Warding  .     (no gloves)
rMut   .         Stasis   .     l - +0 pair of boots
MR     .....                    (no amulet)
Stlth  ++........               (no ring)
                                (no ring)

@: not resistant to hostile enchantments, unstealthy
A: no striking features
a: no special abilities


You were on level 4 of the Dungeon.
You were very hungry.

You visited 1 branch of the dungeon, and saw 3 of its levels.

You collected 93 gold pieces.

Inventory:

Hand weapons
 i - a +0 dagger (weapon)
Armour
 a - a +0 robe (worn)
 l - a +0 pair of boots (worn)
Scrolls
 g - a scroll of magic mapping {unknown}
 h - a scroll of blinking {unknown}
 j - a scroll of remove curse {unknown}
 k - a scroll of random uselessness {unknown}
 n - 2 scrolls of amnesia {unknown}
 p - 2 scrolls of identify {unknown}
 r - a scroll of noise {unknown}
Potions
 e - a potion of magic
 f - a potion of resistance {unknown}
 m - a potion of curing {unknown}
 o - a potion of restore abilities {unknown}
Books
 c - a book of Conjurations

   Spells                             Type                      Level
   a - Magic Dart                     Conjuration                  1
   b - Searing Ray                    Conjuration                  2
   c - Dazzling Spray                 Conjuration/Hexes            3
   d - Fulminant Prism                Conjuration/Hexes            4
   e - Iskenderun's Mystic Blast      Conjuration                  4
   f - Iskenderun's Battlesphere      Conjuration/Charms           5
Comestibles
 b - 2 bread rations
 d - 2 meat rations
 q - 10 fruits


   Skills:
 - Level 2.5 Dodging
 + Level 2.5 Stealth
 + Level 3.3 Spellcasting
 * Level 5.4 Conjurations


You had 5 spell levels left.
You knew the following spells:

 Your Spells              Type           Power        Failure   Level  Hunger
a - Magic Dart            Conj           ###.         1%          1    None
b - Searing Ray           Conj           ###...       2%          2    ##.....


Dungeon Overview and Level Annotations

Branches:
Dungeon (4/15)
 Temple: D:4-7

Altars:
Ashenzari
Okawaru

Annotations:
D:4 Eustachio


Message History

The ufetubus closely misses you.
The ufetubus hits you but does no damage.
There is a shattered altar of Ashenzari here.
The ufetubus hits you. x2
* * * LOW HITPOINT WARNING * * *
A phantom comes into view.
The kobold shouts!
Eustachio screams, "This atrocity can only be purified with blood!"
The quokka closely misses you. The quokka misses you.
The ufetubus closely misses you. The ufetubus closely misses you.
Drink which item? (? for menu, Esc to quit)
It was a potion of magic.
Magic courses through your body. The ufetubus hits you.
* * * LOW HITPOINT WARNING * * *
The ufetubus misses you. The quokka closely misses you.
The iron imp shouts, "Flee, thou rootless fob-snatching pot-faker!"
A hound skeleton comes into view.
The ufetubus completely misses you. The ufetubus hits you.
You die...

....... +....
###...##+###..#
.##...##..##..##
...............+
.......r5@....# ..
##..########@####+###...
##'#######.._55#........
r'......Z#.#.#.r.........
.#.......'..W.K5@........
######.###..######.##.###
#+# #'# # #.. #.. #. '.


You could see Eustachio, a phantom, an iron imp, a white imp, an ufetubus, a
quokka, a kobold and a hound skeleton (wandering).

Vanquished Creatures
  2 giant geckos (D:1)
  2 ball pythons (D:1)
  A bat skeleton (D:2)
  3 goblins
  3 hobgoblins
  3 jackals
  4 kobolds (D:1)
  A quokka (D:4)
  7 bats
  2 giant cockroaches
  4 giant newts (D:1)
  3 rats
35 creatures vanquished.

Vanquished Creatures (others)
  An adder (D:4)
  2 goblins (D:4)
  A hobgoblin (D:4)
  A jackal (D:4)
  2 giant newts (D:4)
7 creatures vanquished.

Grand Total: 42 creatures vanquished

Notes
Turn   | Place    | Note
--------------------------------------------------------------
     0 | D:1      | Inchmeat, the Deep Elf Conjurer, began the quest for the Orb.
     0 | D:1      | Reached XP level 1. HP: 10/10 MP: 5/5
   411 | D:1      | Reached XP level 2. HP: 15/15 MP: 0/8
   492 | D:1      | Learned a level 2 spell: Searing Ray
   704 | D:1      | Reached skill level 5 in Conjurations
  1150 | D:1      | Reached XP level 3. HP: 19/19 MP: 6/11
  1236 | D:2      | Found an iron altar of Okawaru.
  1546 | D:2      | You fall through a shaft for 2 floors!
  1589 | D:4      | Noticed Eustachio
  1673 | D:4      | Found a shattered altar of Ashenzari.
  1677 | D:4      | Noticed a phantom
  1681 | D:4      | Slain by an ufetubus

Action                   || total
-------------------------++-------
Melee: Dagger            ||     3
 Cast: Magic Dart        ||    66
       Searing Ray       ||     4
  Use: Potion            ||     1
  Eat: Chunk             ||     1
